 Dungeon Crawl Stone Soup version 0.19-a0-1886-gd64a0f0 (webtiles) character file.

212 JeffiDaFish the Conjurer (level 5, -1/41 HPs)
             Began as a Draconian Conjurer on Oct 16, 2016.
             Slain by an orc priest
             ... wielding a +0 falchion
              (7 damage)
             ... on level 4 of the Dungeon.
             The game lasted 00:09:54 (2967 turns).

JeffiDaFish the Conjurer (Draconian Conjurer)       Turns: 2967, Time: 00:09:54

Health: -1/41      AC:  5    Str: 13 (15) XL:     5   Next: 58%
Magic:  2/9        EV: 12    Int: 15 (16) God:
Gold:   199        SH:  0    Dex:  9 (11) Spells: 3 memorised, 2 levels left

rFire  . . .     SeeInvis .     j - +1 spear (pierce)
rCold  . . .     Gourm    .     (armour unavailable)
rNeg   . . .     Faith    .     (no shield)
rPois  .         Spirit   .     (helmet restricted)
rElec  .         Dismiss  .     (no cloak)
rCorr  +         Reflect  .     (no gloves)
MR     .....     Harm     .     (no boots)
Stlth  ++........               (no amulet)
                                k - ring of resist corrosion
                                c - +4 ring of strength

@: very slightly contaminated
A: unfitting armour, cold-blooded, AC +5
a: no special abilities


You were on level 4 of the Dungeon.
You were not hungry.

You visited 1 branch of the dungeon, and saw 4 of its levels.

You collected 199 gold pieces.

Inventory:

Hand Weapons
 e - a +2 dagger of venom
 j - a +1 spear of piercing (weapon)
Jewellery
 c - a +4 ring of strength (left hand)
 k - a ring of resist corrosion (right hand)
Wands
 g - a wand of iceblast (5/15)
Scrolls
 i - a scroll of amnesia
Books
 a - a book of Conjurations

   Spells                             Type                      Level
   a - Magic Dart                     Conjuration                  1
   b - Searing Ray                    Conjuration                  2
   c - Dazzling Spray                 Conjuration/Hexes            3
   d - Fulminant Prism                Conjuration/Hexes            4
   e - Iskenderun's Mystic Blast      Conjuration                  4
   f - Iskenderun's Battlesphere      Conjuration/Charms           5
Comestibles
 b - 3 bread rations
 d - 4 chunks of flesh
 f - a meat ration
 h - 4 fruits


   Skills:
 * Level 1.9 Fighting
 - Level 1.2 Short Blades
 + Level 0.4 Polearms
 + Level 2.5 Dodging
 * Level 3.3 Stealth
 * Level 2.9 Spellcasting
 + Level 4.4 Conjurations
 + Level 0.3 Hexes


You had 2 spell levels left.
You knew the following spells:

 Your Spells              Type           Power        Failure   Level  Hunger
a - Magic Dart            Conj           ###.         3%          1    #......
b - Searing Ray           Conj           ###...       6%          2    ##.....
c - Fulminant Prism       Conj/Hex       #.........   78%         4    #####..


Dungeon Overview and Level Annotations

Branches:
Dungeon (4/15)
 Temple: D:4-7

Altars:
Okawaru

Shops:
D:4 [


Innate Abilities, Weirdness & Mutations

Your plain brown scales are hard. (AC +5)
You cannot fit into any form of body armour.
You are cold-blooded and may be slowed by cold attacks.


Message History

You hit the orc priest.
Your tail-slap misses the orc priest.
The orc priest is moderately wounded.
The orc priest looks encouraged for a moment.
You hit the orc priest but do no damage.
The orc priest is moderately wounded.
The orc priest looks satisfied for a moment.
You hit the orc priest but do no damage.
The orc priest is moderately wounded.
The orc priest barely misses you.
You hit the orc priest.
The orc priest is moderately wounded.
The orc hits you but does no damage.
The orc priest miscasts a cantrip.
The orc priest mumbles some strange prayers to Beogh against you.
Beogh smites you!
* * * LOW HITPOINT WARNING * * *
There is a stone staircase leading up here.
The orc hits you but does no damage.
The orc priest hits you with a falchion!
You die...

....... .......
...... ....#
....# ##
....### #.
##.......
#.####.##.....#
.......@o###.#
..##..#o##
###..#..#
#......##
#..##### #..∩ #
.


You could see an orc priest and an orc.

Vanquished Creatures
  2 orc wizards
  A worker ant (D:3)
  4 adders
  4 worms
  3 dart slugs
  3 leopard geckos (D:3)
  4 orcs
  3 giant cockroaches
  7 goblins
  6 hobgoblins
  5 jackals (D:1)
  10 kobolds
  3 quokkas
  2 ball pythons
  6 bats
  5 frilled lizards
  9 rats
77 creatures vanquished.

Notes
Turn   | Place    | Note
-------+----------+-------------------------------------------
     0 | D:1      | JeffiDaFish the Draconian Conjurer began the quest for the Orb.
     0 | D:1      | Reached XP level 1. HP: 14/14 MP: 3/3
   343 | D:1      | Reached XP level 2. HP: 11/20 MP: 3/5
   618 | D:1      | Learned a level 2 spell: Searing Ray
   812 | D:1      | Reached XP level 3. HP: 26/27 MP: 2/6
  1413 | D:2      | Found an iron altar of Okawaru.
  1577 | D:2      | Reached XP level 4. HP: 22/34 MP: 1/7
  1979 | D:3      | Reached skill level 1 in Fighting
  1979 | D:3      | Reached skill level 1 in Short Blades
  2472 | D:3      | Reached XP level 5. HP: 40/40 MP: 9/9
  2478 | D:3      | Learned a level 4 spell: Fulminant Prism
  2888 | D:4      | Found Obbih's Antique Armour Emporium.
  2967 | D:4      | Slain by an orc priest

Vault maps used:
D:1:      scummos_arrival_hexagon, hangedman_decor_push
D:2:      first_bread, okawaru_gym_becter
D:4:      serial_shops, nicolae_shop_competitors_out_of_business, uniq_robin,
          uniq_duvessa

Skill      XL: |  1  2  3  4 |
---------------+-------------+-----
Dodging        | 2 |  2.5
Stealth        | 2 3 |  3.3
Fighting       | 1 |  1.9
Short Blades   | 1 |  1.2
Polearms       | |  0.4
Spellcasting   | |  2.9
Conjurations   | |  4.4
Hexes          | |  0.3

Action                   |  1- 3 |  4- 6 || total
-------------------------+-------+-------++-------
Melee: Unarmed           |    20 |       ||    20
       Tailslap          |    10 |     6 ||    16
       Dagger            |    60 |    33 ||    93
       Spear             |       |    53 ||    53
 Cast: Magic Dart        |    43 |    25 ||    68
       Searing Ray       |     1 |     5 ||     6
  Use: Scroll            |     5 |     3 ||     8
       Potion            |     1 |     3 ||     4
 Stab: Sleeping          |       |     4 ||     4
  Eat: Chunk             |     2 |     4 ||     6
       Royal jelly       |     1 |       ||     1
Armor: Skin              |    25 |    15 ||    40
Dodge: Dodged            |    50 |    46 ||    96
